details: 'Battle Of The Stupids 2'

« prev index next »

General information

Mini Map

Players

team 1
Random» Orckingka (pink | 42 APM | 1806 actions | 42:37)
Hero icon 5 Far Seer
Ability icon 3 Feral Spirit
Ability icon 2 Chain Lighting
Hero icon 3 Paladin
Ability icon 1 Divine Shield
Ability icon 2 Holy Light
Hero icon 4 Priestess of the Moon
Ability icon 3 Searing Arrows
Ability icon 1 Trueshot Aura

» actions
Basic commands39
Build / train171
Enter build submenu116
Enter hero's abilities submenu12
Give item / drop item2
Remove unit from queue1
Right click594
Select / deselect661
Use ability210
1806 total
» units
Peon24
Grunt2
Wisp22
Peasant17
Hippogryph15
Wind Rider14
Dryad18
Chimaera4
116 total
» upgrades
Ranged Weapons3
Spiked Barricades3
Strength of the Moon2
Reinforced Defenses1
Envenomed Spears1
Pillage1
Armor2
Abolish Magic1
Strength of the Wild3
Reinforced Hides2
Well Spring1
Corrosive Breath1
21 total
» buildings
Orc Burrow10
Altar of Storms1
Barracks1
Voodoo Lounge2
Hunter's Hall2
Great Hall5
War Mill1
Watch Tower52
Moon Well9
Tree of Ages2
Ancient Protector7
Stronghold4
Tree of Eternity1
Ancient of Wind2
Fortress1
Beastiary2
Chimaera Roost3
Ancient of Lore1
Tree of Life1
107 total
» build order
02:41 Orc Burrow
02:49 Altar of Storms
03:19 Barracks
03:55 Orc Burrow
04:20 Voodoo Lounge
04:31 Hunter's Hall
08:20 Great Hall
08:25 Orc Burrow
08:28 War Mill
08:44 Orc Burrow
09:48 Watch Tower
09:50 Watch Tower
09:53 Watch Tower
10:03 Watch Tower
10:51 Watch Tower
11:06 Watch Tower
11:09 Watch Tower
11:36 Moon Well
11:38 Hunter's Hall
11:40 Tree of Ages
12:11 Watch Tower
12:15 Watch Tower
12:35 Orc Burrow
12:38 Orc Burrow
12:51 Ancient Protector
12:54 Ancient Protector
13:35 Watch Tower
13:37 Stronghold
13:37 Stronghold
13:37 Stronghold
13:44 Stronghold
13:44 Stronghold
13:50 Orc Burrow
14:08 Tree of Eternity
14:11 Ancient of Wind
14:21 Watch Tower
15:31 Watch Tower
16:12 Watch Tower
16:14 Watch Tower
16:19 Watch Tower
16:23 Watch Tower
16:26 Fortress
16:31 Watch Tower
16:34 Beastiary
16:45 Moon Well
16:47 Moon Well
16:54 Moon Well
17:01 Moon Well
17:13 Voodoo Lounge
17:19 Beastiary
17:34 Watch Tower
17:37 Watch Tower
19:18 Ancient Protector
19:46 Watch Tower
20:00 Orc Burrow
20:11 Moon Well
20:19 Ancient Protector
20:43 Watch Tower
20:52 Watch Tower
22:05 Watch Tower
22:06 Watch Tower
22:08 Watch Tower
22:19 Chimaera Roost
22:20 Ancient of Lore
22:49 Orc Burrow
25:03 Moon Well
25:06 Moon Well
25:26 Watch Tower
26:29 Ancient of Wind
26:32 Moon Well
26:37 Watch Tower
27:02 Tree of Life
27:16 Ancient Protector
27:18 Ancient Protector
27:19 Ancient Protector
28:15 Orc Burrow
29:44 Watch Tower
29:46 Watch Tower
29:48 Watch Tower
31:06 Great Hall
31:08 Watch Tower
31:10 Watch Tower
32:21 Great Hall
32:30 Great Hall
34:29 Great Hall
35:23 Watch Tower
35:25 Watch Tower
35:27 Watch Tower
35:28 Watch Tower
36:07 Watch Tower
36:18 Watch Tower
37:06 Watch Tower
38:08 Watch Tower
38:16 Watch Tower
38:48 Watch Tower
39:16 Chimaera Roost
39:18 Chimaera Roost
39:28 Watch Tower
39:36 Watch Tower
40:23 Watch Tower
40:39 Watch Tower
40:49 Watch Tower
40:50 Watch Tower
41:15 Watch Tower
41:56 Watch Tower
41:59 Watch Tower
42:19 Watch Tower
» items
Healing Salve2
Scroll of Speed3
Orb of Lightning2
Potion of Healing2
Scroll of Town Portal2
11 total
Random» HumanTheDirtyHeads (blue | 27 APM | 211 actions | 07:45)
Hero icon 2 Paladin
Ability icon 1 Holy Light
Ability icon 1 Divine Shield

» actions
Basic commands5
Build / train27
Enter build submenu10
Enter hero's abilities submenu2
Right click66
Select / deselect86
Use ability15
211 total
» units
Peasant14
Footman7
21 total
» upgrades
Defend1
1 total
» buildings
Farm5
Barracks1
Altar of Kings1
Scout Tower1
Arcane Tower1
Arcane Vault1
Keep1
11 total
» build order
00:08 Farm
00:38 Barracks
00:49 Altar of Kings
01:28 Farm
02:12 Farm
02:27 Scout Tower
02:50 Farm
02:58 Arcane Tower
04:24 Arcane Vault
04:53 Keep
05:32 Farm
OrcBmMMMmMmMMMMMmm (yellow | 9 APM | 388 actions | 42:37)
Hero icon 2 Blademaster
Ability icon 1 Wind Walk
Ability icon 1 Critical Strike

» actions
Assign group hotkey6
Basic commands65
Build / train28
ESC pressed1
Enter build submenu11
Enter hero's abilities submenu2
Right click79
Select / deselect127
Select group hotkey14
Use ability55
388 total
» units
Peon18
Grunt3
21 total
» buildings
War Mill1
Orc Burrow4
Altar of Storms1
Barracks2
Great Hall1
9 total
» build order
00:04 War Mill
00:06 Orc Burrow
02:06 Altar of Storms
02:29 Barracks
02:33 Barracks
02:44 Orc Burrow
03:22 Orc Burrow
05:27 Orc Burrow
06:58 Great Hall
Random» NightElfbigboner (green | 30 APM | 133 actions | 04:21)
Hero icon 1 Priestess of the Moon
Ability icon 1 Trueshot Aura

» actions
Build / train15
Enter build submenu7
Enter hero's abilities submenu1
Right click57
Select / deselect45
Use ability8
133 total
» units
Wisp8
Archer5
13 total
» buildings
Altar of Elders1
Moon Well3
Ancient of War1
5 total
» build order
00:18 Altar of Elders
00:26 Moon Well
01:07 Moon Well
01:54 Moon Well
03:07 Ancient of War
team 2
UndeadFlashbang_Omnix (purple | 14 APM | 584 actions | 42:38)

» actions
Basic commands125
ESC pressed10
Right click214
Select / deselect197
Use ability38
584 total
HumanGrololz (red | 61 APM | 26 actions | 00:25)

» actions
Build / train3
Enter build submenu2
Right click14
Select / deselect5
Use ability2
26 total
» units
Peasant3
3 total
» buildings
Altar of Kings1
Farm1
2 total
» build order
00:09 Altar of Kings
00:23 Farm
Random» Orcdigao6969 (orange | 10 APM | 16 actions | 01:35)

» actions
Build / train5
Enter build submenu2
Right click2
Select / deselect5
Use ability2
16 total
» units
Peon5
5 total
» buildings
Altar of Storms1
Orc Burrow1
2 total
» build order
00:27 Altar of Storms
00:39 Orc Burrow
UndeadUndeadHero (teal | 28 APM | 1214 actions | 42:37)
Hero icon 5 Dreadlord
Ability icon 3 Sleep
Ability icon 2 Vampiric Aura
Hero icon 1 Death Knight
Ability icon 1 Death Coil

» actions
Basic commands4
Build / train140
Enter build submenu65
Enter hero's abilities submenu6
Give item / drop item1
Remove unit from queue11
Right click514
Select / deselect380
Use ability93
1214 total
» units
Acolyte36
Peasant1
Ghoul41
Peon2
Gargoyle14
Meatwagon9
103 total
» upgrades
Creature Carapace1
Creature Attack1
2 total
» buildings
Crypt7
Altar of Darkness2
Ziggurat16
Barracks4
Orc Burrow1
Halls of the Dead2
Graveyard5
Slaughterhouse3
Sacrificial Pit1
Spirit Tower7
Necropolis10
Tomb of Relics1
59 total
» build order
01:27 Crypt
01:32 Crypt
01:38 Altar of Darkness
01:41 Ziggurat
01:43 Ziggurat
01:56 Barracks
01:59 Barracks
02:34 Barracks
02:37 Barracks
03:20 Ziggurat
03:31 Orc Burrow
05:34 Halls of the Dead
06:43 Ziggurat
06:51 Graveyard
06:55 Crypt
12:18 Ziggurat
14:35 Ziggurat
14:37 Ziggurat
16:34 Slaughterhouse
16:37 Slaughterhouse
16:42 Slaughterhouse
21:44 Ziggurat
21:47 Ziggurat
21:53 Sacrificial Pit
23:20 Spirit Tower
23:22 Spirit Tower
23:51 Necropolis
23:58 Graveyard
24:01 Spirit Tower
24:06 Ziggurat
24:09 Ziggurat
24:15 Crypt
24:52 Ziggurat
24:59 Spirit Tower
25:02 Spirit Tower
25:24 Altar of Darkness
25:27 Tomb of Relics
25:47 Spirit Tower
26:24 Ziggurat
26:49 Necropolis
27:19 Halls of the Dead
27:22 Spirit Tower
29:53 Graveyard
29:58 Crypt
31:46 Necropolis
31:54 Necropolis
31:58 Necropolis
32:02 Necropolis
32:08 Necropolis
33:28 Necropolis
34:23 Graveyard
34:28 Crypt
35:45 Necropolis
36:57 Graveyard
37:00 Crypt
37:06 Ziggurat
38:41 Ziggurat
38:46 Ziggurat
39:24 Necropolis
» items
Boots of Speed2
Staff of Teleportation1
Potion of Lesser Invulnerability1
Periapt of Vitality1
Scroll of Healing1
6 total

Chat log

(00:04 / All) Flashbang_Omnix: good news for you pink
(00:13 / All) Flashbang_Omnix: despite your overall team
(00:18 / All) Flashbang_Omnix: I am backstabbing
(00:25 / All) Flashbang_Omnix: unless you have two afkers
(00:27 / All) Flashbang_Omnix: there?
(00:32 / All) Flashbang_Omnix: see?
(00:33 / All) Flashbang_Omnix: lol
(00:34 / All) BmMMMmMmMMMMMmm: we do
(00:40 / All) BmMMMmMmMMMMMmm: all our team is afk or not playing
(00:50 / All) BmMMMmMmMMMMMmm: u guys prob won
(00:53 / Allies) digao6969: ?
(00:57 / All) Flashbang_Omnix: no...
(00:58 / All) BmMMMmMmMMMMMmm: im gonna make nothing anyways
(00:59 / All) TheDirtyHeads: prob
(01:03 / All) BmMMMmMmMMMMMmm: and rest of team is afk
(01:05 / Allies) digao6969: ?
(01:29 / Allies) digao6969: noob
(01:35 / Allies) Flashbang_Omnix: lol
(01:49 / All) BmMMMmMmMMMMMmm: only green is playing this team lol
(02:41 / All) Flashbang_Omnix: i killed red off
(02:51 / All) Flashbang_Omnix: I mean his base
(02:53 / All) Flashbang_Omnix: and units
(02:59 / All) Flashbang_Omnix: they are wiped off clean...
(03:02 / All) bigboner: your humanitarian aid is much delightful
(03:18 / All) Flashbang_Omnix: I got my base
(03:23 / All) Flashbang_Omnix: But I won't plan to unsummon them
(03:30 / All) Flashbang_Omnix: you got an enemy ud
(03:58 / All) Flashbang_Omnix: I kill off orange now
(03:59 / All) Flashbang_Omnix: so
(04:22 / All) Flashbang_Omnix: and now teal is killing off my necropolis
(04:23 / All) Flashbang_Omnix: lol
(04:39 / All) Flashbang_Omnix: green shouldn't have left lol
(04:44 / All) Flashbang_Omnix: oh wait
(04:50 / All) Flashbang_Omnix: he had a smurf account
(04:56 / All) Flashbang_Omnix: so it doesn't matter to him lol
(05:02 / All) Flashbang_Omnix: mine is not a smurf
(05:05 / All) Flashbang_Omnix: yet I backstab
(05:49 / All) Flashbang_Omnix: teal is the only one really playing
(05:55 / All) Flashbang_Omnix: and he is your enemy
(05:57 / All) Flashbang_Omnix: in this match
(06:06 / All) Flashbang_Omnix: is pink still afk?
(06:12 / All) Flashbang_Omnix: I guess not
(07:05 / All) Flashbang_Omnix: orange is a goner now too
(07:19 / All) Flashbang_Omnix: or will be gone in some seconds later
(07:30 / All) Flashbang_Omnix: that leaves only teal's base left
(07:44 / All) Flashbang_Omnix: oh wow
(07:49 / All) Flashbang_Omnix: are you guys backstabbing?
(07:56 / All) Flashbang_Omnix: wow
(08:06 / All) Flashbang_Omnix: what a backstabbing fest brawl!
(08:09 / All) BmMMMmMmMMMMMmm: r u blue too purple?
(08:15 / All) Flashbang_Omnix: I am going to put this on highper.ch
(08:39 / All) Flashbang_Omnix: i killed off red's base and orange's base
(08:44 / All) Flashbang_Omnix: and units completely off
(08:48 / All) Flashbang_Omnix: only teal is left
(08:59 / All) BmMMMmMmMMMMMmm: fuk this game im afk
(09:04 / All) BmMMMmMmMMMMMmm: facebook time
(09:12 / All) Flashbang_Omnix: you're kidding?
(09:21 / All) Flashbang_Omnix: aren't you going to help pink win the game?!
(09:27 / All) Flashbang_Omnix: i want to lose
(09:31 / All) Flashbang_Omnix: and I want him to win
(09:45 / All) Flashbang_Omnix: he has the only account on your team that isn't a smurf account
(10:00 / All) Flashbang_Omnix: wow pink
(10:07 / All) Flashbang_Omnix: and you getting backstabbing by green?
(10:16 / All) Flashbang_Omnix: what a match this is!

(11:37 / All) Flashbang_Omnix: the music is called Final Battle lol
(11:45 / All) Flashbang_Omnix: from Megaman Command Mission
(11:54 / All) Flashbang_Omnix: this match is the battle of the stupids!
(11:57 / All) Flashbang_Omnix: LOL!
(12:15 / All) Flashbang_Omnix: let's see if pink can actually win this now...
(12:38 / Allies) Flashbang_Omnix: bring gargs
(12:40 / Allies) Flashbang_Omnix: to dl
(12:59 / All) Flashbang_Omnix: wow...
(13:04 / All) Flashbang_Omnix: good bye Pally...
(13:06 / All) Flashbang_Omnix: geez...

(14:10 / All) Flashbang_Omnix: I don't want God Jesus Christ to be humilated when I type this
(14:19 / All) Flashbang_Omnix: but thank Him for everything in your life
(14:24 / All) Flashbang_Omnix: including this match!
(14:38 / All) Flashbang_Omnix: this is such a miracle of stupidity lol...
(14:53 / All) Flashbang_Omnix: thank Him for the money you may even have...
(15:02 / All) Flashbang_Omnix: thank Him that you even live...
(15:14 / All) Flashbang_Omnix: thank Him for this game lol...
(15:37 / All) Flashbang_Omnix: thank God Jesus Christ that people like Aki Toyosaki exists...
(15:46 / All) Flashbang_Omnix: Amen.
(16:15 / Allies) Flashbang_Omnix: ghouls not on wood
(16:16 / Allies) Flashbang_Omnix: yo
(16:36 / Allies) Flashbang_Omnix: should get a different hero now
(16:41 / Allies) Flashbang_Omnix: you will going to be level 6
(16:45 / Allies) Flashbang_Omnix: the more heroes the better
(17:06 / Allies) Flashbang_Omnix: boots of speed
(17:09 / Allies) Flashbang_Omnix: would be useless
(17:13 / Allies) Flashbang_Omnix: I mean useful
(17:17 / Allies) Flashbang_Omnix: useful
(17:27 / Allies) Flashbang_Omnix: so you can catch up with gargs' speed
(17:35 / Allies) Flashbang_Omnix: death knight's move speed too
(17:51 / Allies) Flashbang_Omnix: watch out
(18:05 / Allies) Flashbang_Omnix: buy a tp scroll
(18:12 / Allies) Flashbang_Omnix: wow
(18:15 / Allies) Flashbang_Omnix: what the heck?
(18:35 / All) Flashbang_Omnix: why would teal lose his heroes on purpose?
(18:40 / All) Flashbang_Omnix: whoa wait
(18:45 / All) Flashbang_Omnix: you guys forgot to kill off
(18:49 / All) Flashbang_Omnix: that purple wolf
(18:59 / All) Flashbang_Omnix: it was hiding behind that goblin merc
(19:03 / All) Flashbang_Omnix: there
(19:14 / Allies) Flashbang_Omnix: he gonna repair
(19:17 / Allies) Flashbang_Omnix: just get out
(19:44 / All) Flashbang_Omnix: kay you guys may going to win this...
(19:49 / All) Flashbang_Omnix: who backstabbed you guys?
(20:03 / All) Flashbang_Omnix: was it yellow
(20:09 / All) Flashbang_Omnix: or green?
(20:21 / Allies) Flashbang_Omnix: check for enemy expoes
(20:38 / All) Flashbang_Omnix: so far you guys are losing
(20:46 / Allies) Flashbang_Omnix: might as well
(20:49 / Allies) Flashbang_Omnix: max out
(20:52 / Allies) Flashbang_Omnix: some upgrades
(20:53 / Allies) Flashbang_Omnix: teal
(21:09 / Allies) Flashbang_Omnix: watch it
(21:38 / All) Flashbang_Omnix: Executive Battle
(21:45 / All) Flashbang_Omnix: also from Megaman Command Mission
(22:18 / Allies) Flashbang_Omnix: stop messing around teal
(22:20 / Allies) Flashbang_Omnix: and be serious
(22:27 / Allies) Flashbang_Omnix: unless you want to lose this game...
(22:36 / All) Flashbang_Omnix: you guys are seriously going to lose
(22:39 / All) Flashbang_Omnix: at this rate...
(22:46 / All) Flashbang_Omnix: meanwhile
(22:48 / All) Flashbang_Omnix: teal here
(22:52 / All) Flashbang_Omnix: is preserving his gold
(22:56 / All) Flashbang_Omnix: with low upkeep
(23:40 / Allies) Flashbang_Omnix: set up
(23:42 / Allies) Flashbang_Omnix: tier 2
(23:44 / Allies) Flashbang_Omnix: builsings
(23:59 / All) Flashbang_Omnix: I think pink has won this
(24:01 / All) Flashbang_Omnix: for you guys
(24:04 / All) Flashbang_Omnix: not that you care
(24:25 / Allies) Flashbang_Omnix: fiends no web?
(24:59 / Allies) Flashbang_Omnix: attack this
(25:01 / Allies) Flashbang_Omnix: at least
(25:05 / Allies) Flashbang_Omnix: he can still tp there
(25:06 / Allies) Flashbang_Omnix: you knoe
(25:25 / Allies) Flashbang_Omnix: sorry i got no more wood and gold
(25:31 / Allies) Flashbang_Omnix: that was all I have given you
(25:57 / All) Flashbang_Omnix: pink so far
(26:01 / All) Flashbang_Omnix: was the most serious
(26:07 / All) Flashbang_Omnix: but of course he was
(26:13 / All) Flashbang_Omnix: he does not use a smurf
(26:20 / All) Flashbang_Omnix: so he is here for the win
(26:24 / All) Flashbang_Omnix: not just for fun
(26:39 / Allies) Flashbang_Omnix: wow
(26:43 / Allies) Flashbang_Omnix: he may going to tp there
(26:56 / All) Flashbang_Omnix: ummm
(27:01 / All) Flashbang_Omnix: about yellow expo there...
(27:09 / All) Flashbang_Omnix: are you going to tp to take out teal?
(27:15 / All) Flashbang_Omnix: hmmm...
(27:33 / All) Flashbang_Omnix: and blue's base too
(27:35 / All) Flashbang_Omnix: lol
(27:39 / All) Flashbang_Omnix: where blue is...
(27:50 / All) BmMMMmMmMMMMMmm: lol
(27:51 / All) BmMMMmMmMMMMMmm: im back
(27:57 / All) BmMMMmMmMMMMMmm: this game still going
(28:02 / All) Flashbang_Omnix: yes
(28:08 / All) BmMMMmMmMMMMMmm: boring... back to facebook lol
(28:09 / All) Flashbang_Omnix: it is basically pink versus teal
(28:46 / All) Flashbang_Omnix: teal altar
(28:48 / All) Flashbang_Omnix: kill it!
(29:31 / All) Flashbang_Omnix: well... I can only conclude that teal has lost the game
(29:35 / All) Flashbang_Omnix: and along with me too...
(29:55 / All) Flashbang_Omnix: if pink would have left
(30:01 / All) Flashbang_Omnix: we probably would have won...
(30:14 / All) Flashbang_Omnix: teal has like over 5k of gold
(30:22 / All) Flashbang_Omnix: tp at yellow's expo
(30:29 / All) Flashbang_Omnix: he is setting up his main base there
(30:47 / All) Flashbang_Omnix: and now teal is
(30:52 / All) Flashbang_Omnix: kill off yellow main expo
(30:59 / All) Flashbang_Omnix: lol should have tpd
(31:12 / All) Flashbang_Omnix: wow pink
(31:17 / All) Flashbang_Omnix: why are you stalling?
(31:24 / All) Flashbang_Omnix: are you having so much of a hard time?
(31:45 / All) Flashbang_Omnix: teal acolyte at north
(31:47 / All) Flashbang_Omnix: killed...
(32:01 / All) Flashbang_Omnix: teal's last bases are at southwest
(32:06 / All) Flashbang_Omnix: and that should be it...

(33:09 / All) Flashbang_Omnix: so yellow is afk isn't he?
(33:27 / All) Flashbang_Omnix: with only me here
(33:42 / All) Flashbang_Omnix: you let an acolyte escape
(33:44 / All) Flashbang_Omnix: lol
(33:48 / All) Flashbang_Omnix: if you drop out pink
(33:52 / All) Flashbang_Omnix: YOU WILL
(33:57 / All) Flashbang_Omnix: going to lose for sure...
(34:15 / All) Flashbang_Omnix: teal has over 6k lol
(34:28 / All) Flashbang_Omnix: now he is just stalling
(34:41 / All) Flashbang_Omnix: in order for him to have more units
(34:56 / Allies) Flashbang_Omnix: he gonna see it
(34:57 / Allies) Flashbang_Omnix: lol
(35:04 / Allies) Flashbang_Omnix: peon saw it
(35:32 / All) Flashbang_Omnix: he is trying to rebuild his base but...
(35:45 / All) Flashbang_Omnix: you got this game owned pinky...
(36:27 / All) Flashbang_Omnix: pink?
(36:34 / All) Flashbang_Omnix: what are you doing?
(36:37 / All) Flashbang_Omnix: if you lag
(36:43 / All) Flashbang_Omnix: I am going to d-spam you!
(36:49 / All) Flashbang_Omnix: end this game now!
(37:22 / All) Flashbang_Omnix: if you want to stop his wood production
(37:36 / All) Flashbang_Omnix: kill off that crypt and graveyard
(37:39 / All) Flashbang_Omnix: at the top of the map
(37:44 / All) Flashbang_Omnix: northeast
(37:54 / All) Flashbang_Omnix: wow
(37:57 / All) Flashbang_Omnix: are you kidding me?
(37:59 / All) Flashbang_Omnix: pink peons?
(38:07 / All) Flashbang_Omnix: are you low on imcome?
(38:11 / All) Flashbang_Omnix: income
(38:30 / All) Flashbang_Omnix: still... you may still win this game
(38:47 / Allies) Flashbang_Omnix: build a tomb of relics
(38:55 / Allies) Flashbang_Omnix: then buy some sacrificial skulls
(38:58 / Allies) Flashbang_Omnix: for some extra blight
(39:08 / All) Flashbang_Omnix: finally you are serious abut this
(39:11 / All) Flashbang_Omnix: about this...
(39:52 / All) Flashbang_Omnix: he went from +6 k to over +2k now...
(40:02 / All) Flashbang_Omnix: nope he still has +3k
(40:04 / All) Flashbang_Omnix: my base
(40:16 / All) Flashbang_Omnix: must have sold some items I guess
(40:32 / All) Flashbang_Omnix: good bye dreadlord
(40:35 / All) Flashbang_Omnix: wow
(40:39 / All) Flashbang_Omnix: not...
(40:49 / Allies) UndeadHero: loz so boring
(40:52 / Allies) Flashbang_Omnix: get this maybe?
(41:04 / Allies) Flashbang_Omnix: hey teal did you squeched me?
(41:24 / All) Flashbang_Omnix: I guess he did
(41:48 / All) Flashbang_Omnix: teal is on his last efforts
(41:56 / All) Flashbang_Omnix: he is such a goner...
(42:08 / All) Flashbang_Omnix: last two buildings there
(42:11 / All) Flashbang_Omnix: that crypt
(42:13 / All) Flashbang_Omnix: and graveyard
(42:21 / All) Flashbang_Omnix: good bye dreadlord level 5...